Map: [ESL] NeoHumanity

Players

SKillous

  • Race: Protoss Protoss
  • Spawn Location: 11:00

Reynor - Winner!

  • Race: Zerg Zerg
  • Spawn Location: 5:00

Event: ESL SC2 Masters 2023 Summer (Regionals)

VOD

Have the link to the VOD?

Description

Time

  • Played on: May 28, 2023, 6:24 a.m.
  • Length: 11:03

All games in this series

Show
View Real Time Build Order
Export as new Build Order

SKillous Protoss 

Build Orders: 1 Gate Expand, Carrier Rush 

Get SALT Encoding   

  12  0:00  Probe  
  13  0:12  Probe  
  14  0:18  Pylon  
  14  0:24  Probe  
  15  0:36  Probe (Chrono Boost)  
  16  0:44  Gateway  
  16  0:46  Probe (Chrono Boost)  
  16  0:48  Assimilator  
  17  0:51  Probe (Chrono Boost)  
  18  1:03  Probe  
  19  1:15  Probe  
  20  1:26  Nexus  
  20  1:37  Cybernetics Core  
  20  1:38  Probe  
  21  1:46  Assimilator  
  21  1:50  Probe  
  22  1:58  Pylon  
  22  2:02  Probe (Chrono Boost)  
  23  2:15  Warp Gate  
  23  2:16  Stalker  
  23  2:17  Probe (Chrono Boost)  
  26  2:24  Probe (Chrono Boost)  
  27  2:31  Probe (Chrono Boost)  
  28  2:37  Stargate  
  28  2:41  Probe (Chrono Boost)  
  28  2:42  Probe (Chrono Boost)  
  30  2:48  Probe (Chrono Boost)  
  30  2:49  Probe (Chrono Boost)  
  34  2:53  Probe (Chrono Boost)  
  34  2:57  Probe  
  36  3:04  Assimilator  
  35  3:05  Probe  
  35  3:11  Probe (Chrono Boost)  
  36  3:13  Assimilator  
  36  3:17  Probe (Chrono Boost), Shield Battery  
  37  3:25  Fleet Beacon  
  39  3:27  Probe x2 (Chrono Boost)  
  39  3:32  Probe (Chrono Boost)  
  39  3:34  Probe  
  41  3:35  Stargate  
  41  3:41  Pylon  
  41  3:44  Probe  
  41  3:46  Probe  
  43  3:48  Pylon  
  43  3:56  Probe  
  43  3:58  Probe  
  45  4:04  Adept  
  45  4:08  Probe  
  54  4:11  Probe  
  55  4:18  Carrier (Chrono Boost)  
  55  4:22  Carrier (Chrono Boost)  
  55  4:27  Pylon  
  62  4:33  Pylon  
  61  4:40  Forge  
  63  4:49  Protoss Air Weapons Level 1  
  59  4:54  Nexus  
  59  4:56  Shield Battery  
  59  5:02  Adept  
  59  5:05  Carrier (Chrono Boost)  
  67  5:08  Pylon  
  67  5:15  Probe  
  68  5:26  Carrier (Chrono Boost)  
  74  5:29  Pylon  
  74  5:32  Nexus  
  74  5:34  Probe  
  75  5:36  Probe  
  74  5:43  Nexus  
  74  5:47  Adept  
  74  5:48  Shield Battery  
  74  5:49  Probe x2  
  78  5:54  Stargate  
  78  5:58  Pylon  
  78  6:01  Probe  
  79  6:08  Probe  
  84  6:11  Void Ray (Chrono Boost)  
  84  6:12  Pylon  
  84  6:21  Probe x2  
  88  6:41  Nexus  
  88  6:46  Void Ray (Chrono Boost)  
  94  6:48  Void Ray (Chrono Boost)  
  98  7:02  Pylon, Void Ray (Chrono Boost)  
  98  7:05  Flux Vanes  
  98  7:12  Assimilator  
  98  7:16  Protoss Air Weapons Level 2 (Chrono Boost)  
  98  7:22  Assimilator  
  102  7:25  Void Ray  
  99  7:31  Pylon  
  99  7:32  Pylon  
  99  7:36  Pylon  
  99  7:44  Nexus  
  99  7:46  Pylon  
  97  8:02  Void Ray (Chrono Boost)  
  97  8:05  Pylon, Photon Cannon, Shield Battery  
  105  8:06  Probe  
  105  8:10  Void Ray (Chrono Boost)  
  105  8:12  Photon Cannon  
  106  8:13  Void Ray (Chrono Boost)  
  106  8:18  Probe x2  
  108  8:23  Pylon  
  106  8:34  Assimilator  
  106  8:37  Probe x2  
  106  8:39  Void Ray (Chrono Boost), Assimilator  
  112  8:52  Void Ray (Chrono Boost)  
  112  8:53  Probe  
  112  8:54  Probe  
  118  8:57  Void Ray (Chrono Boost)  
  118  9:12  Shield Battery  
  118  9:16  Photon Cannon  
  124  9:22  Void Ray (Chrono Boost)  
  122  9:30  Pylon, Void Ray x2  
  130  9:58  Void Ray (Chrono Boost)  
  126  10:10  Void Ray (Chrono Boost)  
  134  10:18  Photon Cannon  
  134  10:20  Void Ray (Chrono Boost)  
  134  10:21  Photon Cannon  
  134  10:23  Pylon, Shield Battery  
  117  10:54  Nexus  
Show
View Real Time Build Order
Export as new Build Order

Reynor Zerg - Winner!

Build Orders: Hatch First 

Get SALT Encoding   

  12  0:00  Drone  
  13  0:07  Drone  
  13  0:13  Extractor  
  13  0:15  Drone  
  15  0:36  Hatchery  
  15  0:42  Extractor, Drone  
  14  0:47  Overlord  
  15  1:03  Spawning Pool  
  14  1:07  Drone  
  14  1:09  Drone  
  16  1:14  Drone  
  17  1:21  Drone  
  17  1:25  Extractor  
  17  1:29  Drone  
  18  1:39  Drone  
  19  1:48  Drone  
  19  1:49  Queen x2  
  19  1:52  Drone  
  25  1:59  Overlord  
  25  2:02  Drone  
  26  2:10  Drone  
  26  2:11  Drone  
  26  2:14  Evolution Chamber  
  27  2:20  Drone  
  27  2:22  Drone  
  29  2:25  Queen  
  31  2:31  Drone  
  31  2:32  Overlord  
  32  2:43  Drone  
  32  2:44  Drone, Zerg Melee Weapons Level 1  
  33  2:50  Queen  
  36  2:54  Zergling x2  
  36  2:56  Overlord  
  37  2:59  Drone  
  37  3:00  Drone  
  37  3:02  Drone  
  37  3:04  Drone  
  41  3:06  Drone  
  41  3:08  Drone  
  41  3:10  Drone  
  44  3:14  Drone  
  44  3:18  Drone  
  46  3:26  Metabolic Boost  
  46  3:30  Hatchery  
  46  3:32  Drone  
  46  3:35  Overlord  
  46  3:38  Drone  
  47  3:44  Queen  
  47  3:47  Queen  
  51  3:50  Zergling x2  
  51  3:53  Zergling x6  
  51  3:54  Zergling x2  
  56  4:00  Overlord  
  56  4:01  Zergling x2  
  57  4:04  Zergling x6  
  60  4:11  Overlord  
  60  4:14  Overlord  
  60  4:19  Zergling x2  
  60  4:20  Zergling x4  
  60  4:23  Zergling x4  
  64  4:27  Queen  
  66  4:33  Zergling x4  
  66  4:36  Zergling x2  
  66  4:38  Overlord  
  69  4:40  Drone x4  
  69  4:43  Drone  
  74  4:46  Drone  
  74  4:47  Drone  
  75  4:52  Spore Crawler  
  75  4:53  Drone  
  75  4:54  Lair  
  75  4:55  Drone  
  75  4:58  Overlord  
  76  5:04  Drone  
  76  5:05  Queen, Drone  
  76  5:06  Drone x3  
  83  5:08  Drone  
  83  5:13  Extractor, Overlord  
  83  5:14  Drone  
  83  5:15  Drone x2  
  83  5:18  Drone  
  83  5:20  Overlord  
  87  5:25  Drone  
  87  5:26  Queen  
  87  5:28  Extractor, Drone  
  89  5:30  Drone x2  
  89  5:32  Drone x2  
  89  5:34  Drone  
  95  5:36  Spore Crawler  
  95  5:37  Drone x2  
  95  5:38  Drone  
  95  5:42  Zergling x6  
  95  5:43  Zergling x2  
  95  5:49  Zergling x2  
  96  5:55  Spire  
  96  5:56  Drone  
  96  5:57  Extractor, Drone  
  96  5:58  Drone x3  
  96  6:01  Zergling x2  
  96  6:03  Queen  
  96  6:04  Queen  
  102  6:07  Overlord  
  102  6:10  Extractor x2, Drone x3  
  105  6:23  Queen  
  101  6:26  Zergling x12  
  100  6:34  Zergling x14  
  100  6:38  Queen  
  100  6:39  Queen  
  104  6:41  Overlord  
  104  6:44  Drone, Spore Crawler  
  106  6:50  Spore Crawler  
  106  6:52  Spore Crawler  
  106  6:53  Drone x3  
  107  6:58  Queen  
  108  7:06  Overlord  
  108  7:07  Corruptor  
  108  7:08  Corruptor x5  
  120  7:17  Corruptor x3  
  125  7:23  Corruptor  
  125  7:25  Corruptor  
  125  7:29  Corruptor  
  127  7:34  Drone  
  127  7:36  Queen, Infestation Pit  
  129  7:38  Corruptor  
  129  7:44  Overlord x2  
  131  7:45  Overlord  
  131  7:48  Overlord  
  131  8:05  Zerg Flyer Armor Level 1, Corruptor x2  
  133  8:06  Corruptor  
  133  8:09  Hatchery  
  136  8:15  Hive  
  136  8:18  Drone x6  
  136  8:19  Drone  
  137  8:34  Drone x3  
  137  8:35  Drone x4  
  144  8:45  Hatchery  
  144  8:46  Corruptor x2  
  147  8:51  Drone x2, Evolution Chamber  
  147  8:52  Drone x2  
  150  9:00  Unknown  
  149  9:04  Corruptor x3  
  149  9:07  Overlord  
  155  9:21  Drone x2  
  157  9:27  Drone  
  157  9:28  Drone x6, Viper x2  
  170  9:31  Overlord  
  170  9:35  Spore Crawler  
  169  9:38  Ultralisk Cavern  
  169  9:44  Corruptor  
  155  10:00  Corruptor  
  155  10:01  Corruptor x3  
  155  10:02  Queen x2  
  155  10:04  Overlord  
  155  10:06  Corruptor  
  164  10:13  Corruptor  
  167  10:17  Extractor, Overlord  
  167  10:18  Extractor  
  165  10:24  Corruptor x2  
  169  10:29  Overlord  
  158  10:43  Zergling x18  
Tags
 
Add a new tag
Caveats
  • Supply blocks, unpowered buildings, or Contaminate may cause inaccurate times.
  • Supply counts are checked every 10 seconds.